 Dungeon Crawl Stone Soup version 0.31-a0-609-g7bf6ffcfed (webtiles) character file.

Game seed: 13532033591495900999

142 RepHenryClay the Cudgeller (level 5, -5/45 HPs)
             Began as a Minotaur Delver on Aug 21, 2023.
             Was an Initiate of Okawaru.
             Slain by a gnoll
             ... wielding a +0 halberd
             ... led by a gnoll bouda
              (11 damage)
             ... on level 4 of the Dungeon.
             The game lasted 00:03:56 (983 turns).

RepHenryClay the Cudgeller (Minotaur Delver)         Turns: 983, Time: 00:03:56

Health: -5/45      AC:  7    Str: 18    XL:     5   Next: 3%
Magic:  4/4        EV: 16    Int:  7    God:    Okawaru [......]
Gold:   0          SH:  0    Dex: 12    Spells: 4/4 levels left

rFire   . . .        a - +0 flail
rCold   . . .        (no shield)
rNeg    . . .        j - +0 ring mail
rPois   .            (helmet restricted)
rElec   .            i - +0 cloak
rCorr   .            (no gloves)
SInv    .            (no boots)
Will    .....        (no amulet)
Stlth   ++           l - +5 ring of evasion
HPRegen 0.27/turn    (no ring)
MPRegen 0.09/turn

%: no passive effects
@: no status effects
A: horns 2, retaliatory headbutt
a: Renounce Religion


You were on level 4 of the Dungeon.
You worshipped Okawaru.
Okawaru was noncommittal.
You visited 2 branches of the dungeon, and saw 3 of its levels.

Inventory:

Hand Weapons
 a - a +0 flail (weapon)
Missiles
 h - 2 poisoned darts (quivered)
Armour
 b - a +0 leather armour
 i - a +0 cloak (worn)
 j - a +0 ring mail (worn)
Jewellery
 l - a +5 ring of evasion (left hand)
Wands
 g - a wand of digging (3)
 k - a wand of polymorph (9)
Scrolls
 c - 3 scrolls of fog
 d - a scroll of revelation
 f - a scroll of identify {unknown}
 m - a scroll of enchant armour {unknown}
Potions
 e - a potion of invisibility {unknown}


   Skills:
 - Level 3.6 Fighting
 - Level 4.8 Maces & Flails
 - Level 3.9 Armour
 - Level 2.1 Dodging
 - Level 4.1 Stealth
 + Level 0.0 Invocations


You had 4 spell levels left.
You didn't know any spells.
Your spell library was empty.

Dungeon Overview and Level Annotations

Branches:
Dungeon (5/15)             Temple (1/1) D:4

Altars:
Ashenzari
Cheibriados
Dithmenos
Fedhas
Gozag
Kikubaaqudgha
Makhleb
Nemelex Xobeh
Okawaru
Qazlal
Sif Muna
Trog
Uskayaw
Vehumet
Wu Jian
Xom
Yredelemnul
Zin
The Shining One


Innate Abilities, Weirdness & Mutations

You have a pair of horns on your head.
You reflexively headbutt those who attack you in melee.


Message History

Huge Dmg: -24%(-11hp) hp: 76%(34hp)
You sock the gnoll!
The gnoll is heavily wounded.
The gnoll barely misses you.
You hit the gnoll bouda.
The gnoll bouda is lightly wounded.
The gnoll closely misses you. The gnoll bouda completely misses you.
You closely miss the gnoll bouda. Your headbutt misses the gnoll bouda.
The gnoll bouda is lightly wounded.
The gnoll closely misses you. The gnoll bouda barely misses you.
You furiously retaliate!
You headbutt the gnoll bouda.
You hit the gnoll bouda but do no damage.
The gnoll bouda is moderately wounded.
Your attacks no longer feel as feeble.
The gnoll completely misses you.
The gnoll bouda gazes fiercely through you!
You feel your attacks grow feeble.
The gnoll bouda hits you with a +0 club.
Damage: -11%(-5hp) hp: 67%(30hp)
You sock the gnoll bouda!
The gnoll bouda is almost dead.
The gnoll hits you from afar with a +0 halberd!
* * * LOW HITPOINT WARNING * * *
The gnoll bouda hits you with a +0 club.
* * * LOW HITPOINT WARNING * * *
Huge Dmg: -38%(-17hp) hp: 29%(13hp)
You closely miss the gnoll bouda.
The gnoll bouda is almost dead.
The gnoll hits you from afar with a +0 halberd.
* * * LOW HITPOINT WARNING * * *
The gnoll bouda hits you with a +0 club.
* * * LOW HITPOINT WARNING * * *
Huge Dmg: -15%(-7hp) hp: 14%(6hp)
You hit the gnoll bouda but do no damage.
The gnoll bouda is almost dead.
Your attacks no longer feel as feeble.
The gnoll misses you. The gnoll bouda completely misses you.
You furiously retaliate!
You headbutt the gnoll bouda.
The gnoll hits you from afar with a +0 halberd!
You die...

## # .#. ..# ...
#.# #.# #.# #.#
#@# # #g#
#.######## #g#
#.(......# #o#
..##.##.##.## #.#
#.#.........###.#
#.............#.#
...#..⌠..g⌠..#..$#
##.#.........##.##


You could see a gnoll bouda, a gnoll (swift) and an orc.

Vanquished Creatures
  A scorpion (D:5)
  An iguana (D:5)
  2 gnolls (D:4)
  2 adders
  An ufetubus (D:5)
  2 worms
  2 orcs (D:5)
  An endoplasm (D:4)
  A giant cockroach (Temple)
13 creatures vanquished.

Notes
Turn   | Place    | Note
-------+----------+-------------------------------------------
     0 | D:5      | RepHenryClay the Minotaur Delver began the quest for the
                  | Orb.
     0 | D:5      | Reached XP level 1. HP: 19/19 MP: 0/0
   166 | D:5      | Reached skill level 1 in Armour
   277 | D:5      | Reached XP level 2. HP: 18/26 MP: 1/1
   328 | D:5      | Reached XP level 3. HP: 28/31 MP: 2/2
   425 | D:5      | Noticed a gnoll sergeant
   624 | D:5      | Noticed a scorpion
   785 | D:4      | Found a basalt altar of Yredelemnul.
   810 | D:5      | Killed a scorpion
   811 | D:5      | Reached XP level 4. HP: 26/39 MP: 3/3
   893 | D:4      | Reached XP level 5. HP: 34/45 MP: 4/4
   911 | D:4      | Found a staircase to the Ecumenical Temple.
   920 | Temple   | Entered the Ecumenical Temple
   932 | Temple   | Became a worshipper of Warmaster Okawaru
   983 | D:4      | Slain by a gnoll

Illustrated notes

Levels and vault maps discovered:
D:4:      layout_loops_ring, nicolae_overflow_hidden_temple,
          minmay_temple_entry_large_hall, kennysheep_generic_room_7
D:5:      layout_loops_corners, cheibrodos_sewer_entry_bend,
          kennysheep_generic_room_15
Temple:   nicolae_temple_two_arcs

Skill      XL: |  1  2  3 |
---------------+----------+-----
Armour         | 1 2 3 |  3.9
Maces & Flails | 3 4 |  4.8
Fighting       | |  3.6
Dodging        | |  2.1
Stealth        | |  4.1

Action                     |  1- 3 |  4- 6 || total
---------------------------+-------+-------++-------
  Melee: Mace              |     9 |       ||     9
         Flail             |    33 |    22 ||    55
         Headbutt          |     6 |     2 ||     8
  Throw: Dart              |     2 |       ||     2
    Use: Scroll            |     1 |       ||     1
         Potion            |     1 |       ||     1
   Stab: Sleeping          |       |     1 ||     1
 Armour: Ring mail         |    17 |     7 ||    24
  Dodge: Dodged            |    34 |    27 ||    61

Table legend: (Time is in decaauts)
 A = Elapsed time spent in this place.
 B = Non-inter-level travel time spent in this place.
 C = Inter-level travel time spent in this place.
 D = Time resting spent in this place.
 E = Time spent auto-exploring this place.
 F = Levels seen in this place.
 G = Mean time per level.
                   A        B        C        D        E       F      G
               +--------+--------+--------+--------+--------+-----+--------+
         Total |    980 |    913 |     67 |    138 |    246 |   3 |  326.7 |
       Dungeon |    959 |    899 |     60 |    138 |    246 |   2 |  479.5 |
        Temple |     21 |     14 |      7 |      0 |      0 |   1 |   21.0 |
               +--------+--------+--------+--------+--------+-----+--------+

Top non-repeatable levels by time:
     D:5: 699 daAuts
     D:4: 260 daAuts
  Temple: 21 daAuts
